 Seeded DCSS version 0.27.1-2-g3b301248ec (webtiles) character file.

Game seed: 6258058316398713103 (custom seed)

1463 a11behringer the Basher (level 8, -1/74 HPs)
             Began as a Troll Berserker on Sept 24, 2021.
             Was a Priest of Trog.
             Splashed by a jelly's acid (8 damage)
             ... on level 7 of the Dungeon.
             The game lasted 00:16:55 (3482 turns).

a11behringer the Basher (Troll Berserker)           Turns: 3482, Time: 00:16:58

Health: -1/74      AC: -8    Str: 26    XL:     8   Next: 48%
Magic:  7/7        EV: 10    Int:  3    God:    Trog [***...]
Gold:   339        SH:  0    Dex: 11    Spells: 7/7 levels left

rFire    . . .     SeeInvis +   a - +0 mace
rCold    + . .     Faith    .   (no shield)
rNeg     . . .     Spirit   .   x - +2 robe {rC+}
rPois    .         Reflect  .   f - +2 hat
rElec    .         Harm     .   (no cloak)
rCorr    .         Rampage  .   (gloves unavailable)
Will     .....                  (boots unavailable)
Stlth    +.........             p - amulet of the acrobat
HPRegen  1.22/turn              z - +4 ring of protection
MPRegen  0.10/turn              j - ring of see invisible

@: corroded
A: large, unfitting armour, claws 3, regeneration 1, shaggy fur 1, tough skin 1
a: Renounce Religion, Berserk, Trog's Hand


You were on level 7 of the Dungeon.
You worshipped Trog.
Trog was most pleased with you.
You visited 1 branch of the dungeon, and saw 7 of its levels.

You collected 339 gold pieces.

Inventory:

Hand Weapons
 a - a +0 mace (weapon)
 s - a +0 morningstar
 A - a +3 dire flail
Armour
 b - a +0 animal skin
 e - a +0 tower shield
 f - a +2 hat (worn)
 x - a +2 robe of cold resistance (worn)
Jewellery
 d - a ring of resist corrosion
 j - a ring of see invisible (right claw)
 p - an amulet of the acrobat (around neck)
 z - a +4 ring of protection (left claw)
 E - a +6 ring of intelligence
Wands
 B - a wand of flame (44)
 D - a wand of mindburst (13)
Scrolls
 g - a scroll of noise {unknown}
 i - 2 scrolls of acquirement
 l - a scroll of vulnerability
 n - 2 scrolls of amnesia {unknown}
 o - a scroll of enchant weapon {unknown}
 r - a scroll of enchant armour {unknown}
 u - a scroll of fear {unknown}
 w - a scroll of teleportation {unknown}
 y - a scroll of identify
 C - a scroll of holy word {unknown}
Potions
 c - a potion of brilliance
 h - a potion of curing {unknown}
 k - 2 potions of haste
 m - 2 potions of might {unknown}
 q - a potion of attraction {unknown}
 t - a potion of heal wounds
 v - a potion of degeneration {unknown}


   Skills:
 - Level 2.4 Fighting
 * Level 10.0 Maces & Flails
 - Level 2.4 Dodging


You had 7 spell levels left.
You didn't know any spells.
Your spell library was empty.

Dungeon Overview and Level Annotations

Branches:
Dungeon (7/15)
 Temple: D:4-7

Altars:
Fedhas
Okawaru


Innate Abilities, Weirdness & Mutations

You are too large for most types of armour.
You have claws for hands.
Your natural rate of healing is unusually fast.
You are covered in fur. (AC +1)
You have tough skin. (AC +1)


Message History

The jelly is severely wounded.
The jelly hits you but does no damage.
You hit the jelly but do no damage.
Your claws burn!
The jelly is severely wounded.
The jelly barely misses you.
You hit the jelly but do no damage. The acid corrodes you!
Your claws burn!
The jelly is severely wounded.
The jelly hits you.
You are splashed with acid!
You hit the jelly but do no damage.
Your claws burn!
The jelly is severely wounded.
The jelly closely misses you.
You hit the jelly but do no damage.
Your claws burn!
The jelly is severely wounded.
The jelly closely misses you.
You hit the jelly but do no damage.
Your claws burn!
* * * LOW HITPOINT WARNING * * *
The jelly is severely wounded.
The jelly closely misses you.
You hit the jelly but do no damage.
Your claws burn!
* * * LOW HITPOINT WARNING * * *
The jelly is severely wounded.
You hit the jelly but do no damage.
Your claws burn!
* * * LOW HITPOINT WARNING * * *
The jelly is severely wounded.
The jelly hits you.
* * * LOW HITPOINT WARNING * * *
The acid corrodes you!
You are splashed with acid!
* * * LOW HITPOINT WARNING * * *
You feel much better. The jelly barely misses you.
You hit the jelly but do no damage. The acid corrodes you!
Your claws burn!
The jelly is severely wounded.
The jelly hits you.
You are splashed with acid!
* * * LOW HITPOINT WARNING * * *
You hit the jelly but do no damage. The acid corrodes you!
Your claws burn!
* * * LOW HITPOINT WARNING * * *
The jelly is severely wounded.
The jelly hits you.
* * * LOW HITPOINT WARNING * * *
The acid corrodes you!
You are splashed with acid!
You die...

#.. #... ## #..
....#############.###..#
.....#..........#.....#
#...................###
##.....(...............
#......................
#....J@................
#......................
#......................
#......................
#...>..................
#.$....................
##.....................
##...................#
##...............####


You could see a jelly.

Vanquished Creatures
  2 water moccasins
  A sky beast (D:7)
  A necrophage (D:5)
  An ogre (D:4)
  A phantom (D:6)
  A kobold brigand (D:7)
  A bullfrog (D:6)
  A scorpion (D:7)
  4 wights (D:6)
  A bullfrog zombie (D:6)
  2 orc priests (D:4)
  4 hounds
  3 iguanas
  An orc wizard (D:6)
  A hound zombie (D:5)
  A hound skeleton (D:5)
  A howler monkey skeleton (D:6)
  3 gnolls (D:6)
  7 adders
  A shadow imp (D:5)
  2 ufetubi (D:5)
  5 worms
  A dart slug (D:4)
  16 orcs
  2 ball pythons
  7 endoplasms
  A giant cockroach (D:2)
  3 goblins
  4 hobgoblins
  2 jackals (D:5)
  13 kobolds
  3 quokkas
  2 bats
  4 frilled lizards
  8 rats
111 creatures vanquished.

Notes
Turn   | Place    | Note
-------+----------+-------------------------------------------
     0 | D:1      | a11behringer the Troll Berserker began the quest for the
                  | Orb.
     0 | D:1      | Reached XP level 1. HP: 22/22 MP: 0/0
   189 | D:1      | Reached skill level 3 in Maces & Flails
   256 | D:1      | Reached XP level 2. HP: 29/29 MP: 1/1
   274 | D:1      | Found a faded altar of an unknown god.
   624 | D:2      | Found a blossoming altar of Fedhas.
   805 | D:2      | Reached XP level 3. HP: 30/36 MP: 2/2
  1046 | D:3      | Reached skill level 4 in Maces & Flails
  1073 | D:3      | Reached ** piety under Trog
  1297 | D:3      | Reached XP level 4. HP: 44/44 MP: 3/3
  1570 | D:4      | Found an iron altar of Okawaru.
  1587 | D:4      | Reached skill level 5 in Maces & Flails
  1599 | D:4      | Reached XP level 5. HP: 50/50 MP: 4/4
  1628 | D:4      | Noticed an ogre
  1632 | D:4      | Killed an ogre
  1633 | D:4      | Reached skill level 6 in Maces & Flails
  1714 | D:4      | Reached XP level 6. HP: 59/59 MP: 5/5
  1932 | D:5      | Entered Level 5 of the Dungeon
  2047 | D:5      | Reached skill level 7 in Maces & Flails
  2080 | D:5      | Identified 2 scrolls of acquirement
  2118 | D:5      | Noticed a water moccasin
  2139 | D:5      | Killed a water moccasin
  2140 | D:5      | Reached XP level 7. HP: 14/66 MP: 6/6
  2576 | D:6      | Reached skill level 8 in Maces & Flails
  2641 | D:6      | Reached *** piety under Trog
  2880 | D:6      | Reached XP level 8. HP: 69/72 MP: 7/7
  3073 | D:6      | Reached skill level 9 in Maces & Flails
  3447 | D:7      | Reached skill level 10 in Maces & Flails
  3482 | D:7      | Splashed by a jelly's acid

Illustrated notes

Levels and vault maps discovered:
D:1:      sevenhm_arrival_forest_fort_large_2, layout_rooms,
          ebering_ecumenical_altar_sacrificial
D:2:      layout_rooms, basic_altar, minmay_misc_feat_encased,
          grunt_ministairs_2
D:3:      layout_rooms
D:4:      layout_rooms, okawaru_trees_1
D:5:      layout_cave_pools, kennysheep_another_room, st_stairs_7
D:6:      layout_loops_ring
D:7:      layout_layer_cave, mainiacjoe_overflow_tiny_flanked, zin_academy,
          minmay_temple_entry_glassed_door

Skill      XL: |  1  2  3  4  5  6  7  8 |
---------------+-------------------------+-----
Maces & Flails | 3 4 5 6 7 8 10 | 10.0
Fighting       | |  2.4
Dodging        | |  2.4

Action                   |  1- 3 |  4- 6 |  7- 9 || total
-------------------------+-------+-------+-------++-------
Melee: Mace              |   153 |   135 |   224 ||   512
Invok: Berserk           |       |     2 |     2 ||     4
       Trog's Hand       |       |     2 |     2 ||     4
  Use: Scroll            |     1 |     4 |       ||     5
       Potion            |       |       |     1 ||     1
Armor: Animal skin       |    62 |    52 |       ||   114
       Robe              |       |       |    78 ||    78
Dodge: Dodged            |   101 |   105 |   108 ||   314
